 Dungeon Crawl Stone Soup version 0.30.0-5-g1a98f26d00 (webtiles) character file.

Game seed: 17619322595236519406

37576 SnakkuSnakku7 the Destroyer (level 13, -12/68 HPs)
             Began as a Vine Stalker Fire Elementalist on May 9, 2023.
             Was a High Priest of Sif Muna.
             Mangled by a death yak (17 damage)
             ... on level 4 of the Lair of Beasts.
             The game lasted 00:42:00 (18014 turns).

SnakkuSnakku7 the Destroyer (VSFE)                 Turns: 18014, Time: 00:42:01

Health: -12/68     AC: 20    Str: 11    XL:     13   Next: 97%
Magic:  0/23       EV: 10    Int: 25    God:    Sif Muna [*****.]
Gold:   1792       SH:  7    Dex: 16    Spells: 3/24 levels left

rFire   . . .        e - staff of conjuration
rCold   . . .        H - +2 buckler
rNeg    . . .        F - +1 swamp dragon scales
rPois   +            (no helmet)
rElec   .            u - +2 cloak
rCorr   .            (no gloves)
SInv    .            o - +2 pair of boots
Will    +....        (no amulet)
Stlth   ++           j - +4 ring of protection
HPRegen 1.11/turn    c - +6 ring of intelligence
MPRegen 0.18/turn

%: guardian spirit
@: about to teleport
A: fangs 3, regeneration 1, magic shield, antimagic bite, no potion heal 2,
talons 1, iridescent scales 1, wild magic 1
a: Renounce Religion, Channel Magic, Forget Spell, Divine Exegesis


You were on level 4 of the Lair of Beasts.
You worshipped Sif Muna.
Sif Muna was extremely pleased with you.
You visited 2 branches of the dungeon, and saw 14 of its levels.
You also visited: Bailey and Ice Cave.

You collected 1792 gold pieces.

Inventory:

Hand Weapons
 d - a +0 whip
 p - a +1 dagger of electrocution
Armour
 o - a +2 pair of boots (worn)
 u - a +2 cloak (worn)
 z - +0 steam dragon scales
 B - a +1 kite shield of cold resistance
 F - +1 swamp dragon scales (worn)
 H - a +2 buckler (worn)
Magical Staves
 e - a staff of conjuration (weapon)
Jewellery
 c - a +6 ring of intelligence (right hand)
 i - a ring of willpower
 j - a +4 ring of protection (left hand)
 k - the ring "Zutoicw" {rC+ Str+5}
   (You found it in an ice cave)

   [ring of protection from cold]

   Str:       It affects your strength (+5).
   rC:        It protects you from cold.
 w - a +5 ring of evasion
 L - the ring of Gluttony {rCorr Dex+2}
   (You found it on level 2 of the Lair of Beasts)

   [ring of resist corrosion]

   Dex:       It affects your dexterity (+2).
   rCorr:     It protects you from acid and corrosion.
Wands
 q - a wand of flame (31)
 s - a wand of polymorph (7)
 x - a wand of light (6)
 y - a wand of digging (9)
 J - a wand of iceblast (3)
 O - a wand of paralysis (3)
Scrolls
 f - a scroll of amnesia {unknown}
 m - a scroll of butterflies {unknown}
 n - 7 scrolls of teleportation
 t - a scroll of brand weapon {unknown}
 v - 2 scrolls of enchant weapon
 C - 3 scrolls of fog
 D - a scroll of fear {unknown}
 M - a scroll of silence {unknown}
 N - a scroll of magic mapping
 P - a scroll of poison {unknown}
Potions
 a - a potion of mutation
 b - 2 potions of ambrosia
 g - 2 potions of resistance
 h - 4 potions of berserk rage
 l - 4 potions of curing
 r - a potion of magic
 A - 4 potions of attraction
 E - 2 potions of lignification
 I - a potion of flight
 Q - a potion of might


   Skills:
 - Level 8.1 Fighting
 - Level 1.9 Dodging
 - Level 2.4 Stealth
 - Level 4.0 Shields
 - Level 6.0 Spellcasting
 + Level 13.9 Conjurations
 + Level 13.9 Fire Magic
 - Level 7.5 Invocations


You had 3 spell levels left.
You knew the following spells:

 Your Spells              Type           Power      Damage    Failure   Level
a - Scorch                Fire           100%       2d9       1%          2
b - Foxfire               Conj/Fire      100%       2x1d9     1%          1
c - Volatile Blastmotes   Fire/Tloc      100%       2d18      7%          3
e - Starburst             Conj/Fire      50%        6d14      19%         6
f - Fireball              Conj/Fire      50%        3d20      4%          5
z - Flame Wave            Conj/Fire      100%       2d21      1%          4

Your spell library contained the following spells:

 Spells                   Type           Power      Damage    Failure   Level
 Magic Dart               Conj           100%       1d8       1%          1
 Searing Ray              Conj           100%       2d8       1%          2
 Kiss of Death            Conj/Necr      100%       2d13      3%          1
 Shock                    Conj/Air       100%       1d9       3%          1
 Dazzling Flash           Conj/Hex       100%       N/A       7%          3
 Hailstorm                Conj/Ice       70%        3d15      7%          3
 Inner Flame              Hex/Fire       53%        N/A       7%          3
 Beastly Appendage        Tmut           18%        N/A       34%         1
 Necrotise                Necr           36%        1d5       34%         1
 Slow                     Hex            36%        N/A       34%         1
 Cigotuvi's Dreadful Rot  Necr/Pois/Air  18%        N/A       45%         2
 Ensorcelled Hibernation  Hex/Ice        18%        N/A       45%         2
 Lesser Beckoning         Tloc           18%        N/A       45%         2
 Passwall                 Tmut/Erth      7%         N/A       45%         2
 Wereblood                Tmut           9%         N/A       45%         2
 Confusing Touch          Hex            9%         N/A       67%         3
 Frozen Ramparts          Ice            18%        1d3       67%         3
 Gell's Gravitas          Tloc           9%         N/A       67%         3
 Spider Form              Tmut/Pois      9%         N/A       67%         3
 Swiftness                Air            9%         N/A       67%         3
 Teleport Other           Tloc           9%         N/A       67%         3
 Vampiric Draining        Necr           9%         2d6       67%         3
 Fulminant Prism          Conj/Hex       35%        3d17      21%         4
 Iskenderun's Mystic Bla  Conj/Tloc      70%        2d14      21%         4
 Plasma Beam              Fire/Air       26%        2x1d42    95%         6
 Dispel Undead            Necr           9%         3d8       96%         4
 Summon Ice Beast         Ice/Summ       9%         N/A       96%         4
 Agony                    Necr           9%         N/A       100%        5
 Lee's Rapid Deconstruct  Erth           4%         3d5*      100%        5
 Yara's Violent Unravell  Hex/Tmut       4%         3d4       100%        5


Dungeon Overview and Level Annotations

Branches:
Dungeon (10/15)            Temple (0/1) D:7            Lair (4/5) D:10
  Swamp (0/4) Lair:2       Spider (0/4) Lair:3          Orc (0/2) D:9
 Bailey (visited)           IceCv (visited)
  Slime: Lair:4-5

Altars:
Nemelex Xobeh
Sif Muna
Uskayaw
The Shining One

Shops:
D:10 =

Annotations:
Lair:4 exclusion: oklob plant


Innate Abilities, Weirdness & Mutations

You have razor-sharp teeth.
Your natural rate of healing is unusually fast.
When hurt, damage is shared between your health and your magic reserves.
Your bite disrupts and absorbs the magic of your enemies.
Potions cannot restore your health.
You have sharp toenails.
You are partially covered in iridescent scales. (AC +2)
Your spells are a little harder to cast, but a little more powerful.


Message History

The death yak is heavily wounded.
The flame wave engulfs the death yak!!
You kill the death yak!
Sif Muna accepts your kill.
The flame wave engulfs the death yak!
You kill the death yak!
Sif Muna accepts your kill. (Press . to intensify the flame waves.)
The death yak gores you but does no damage.
You block the death yak's attack.
A wave of flame ripples out!
The flame wave engulfs the death yak.
The death yak is moderately wounded.
The flame wave engulfs the death yak!
The death yak is severely wounded.
The flame wave engulfs the death yak!
The death yak is moderately wounded.
The death yak gores you! You block the death yak's attack.
The death yak gores you but does no damage.
A wave of flame ripples out!
The flame wave engulfs the death yak!!
The death yak is severely wounded.
The flame wave engulfs the death yak!!
The death yak is almost dead.
The flame wave engulfs the death yak!!
The death yak is severely wounded.
You finish channelling waves of flame.
The death yak gores you. The death yak gores you!
* * * LOW HITPOINT WARNING * * *
The death yak gores you!
* * * LOW HITPOINT WARNING * * *
Unknown command.
Okay, then.
Okay, then.
Okay, then.
As you read the scroll of teleportation, it crumbles to dust.
You feel strangely unstable.
The death yak gores you but does no damage.
The death yak barely misses you. The death yak gores you.
* * * LOW HITPOINT WARNING * * *
The death yak attacks as you move away! The death yak gores you!
You die...

.#
....##.........#.
P#
.####..........#
## #####......P#
## #..#....#####
.# ## #.....###
#.Y.
#.####.#...##
..../
.####..#.......#
#...Y
.......Y.......#
#F#.
#...Y@#.....# #.
...#..Y.#....#.#
..........##.P###
..###.....#####
##.....# ..?..P##
###P...# #....#
##....


You could see 3 death yaks.

Vanquished Creatures
  An azure jelly (IceCv)
  3 quicksilver oozes (IceCv)
  2 hydras (Lair:4)
  2 two-headed ogres (D:10)
  Erica (D:9)
  2 death yaks (Lair:4)
  A skyshark (Lair:4)
  A bog body (Lair:2)
  Joseph (D:10)
  14 elephants (Lair:3)
  An ice statue (IceCv)
  3 black mambas
  A torpor snail (Lair:3)
  7 cane toads
  Maggie (D:6)
  4 rime drakes (Lair:4)
  6 komodo dragons
  2 hornets
  2 trolls
  A meliai (Lair:3)
  3 polar bears
  8 blink frogs
  17 slime creatures (IceCv)
  A shadow (D:9)
  5 wyverns
  A basilisk (Lair:4)
  12 yaks
  Grum (D:9)
  2 steam dragons
  4 swamp worms (Lair:2)
  Duvessa (D:6)
  8 water moccasins
  16 orc warriors
  2 ice beasts
  2 sky beasts (D:8)
  A black bear (D:8)
  2 ogres
  11 centaurs
  2 great orb of eyes simulacra (IceCv)
  4 slime creature simulacra (IceCv)
  8 wolves
  2 kobold brigands (D:9)
  A phantom (D:5)
  Blork the orc (D:6)
  8 bullfrogs
  3 glowing shapeshifter simulacra (IceCv)
  5 scorpions
  4 killer bees (Lair:3)
  Dowan (D:6)
  4 wights
  2 electric eels
  8 hounds
  7 orc priests
  A gnoll bouda (D:6)
  A jelly (D:5)
  7 iguanas
  3 shapeshifter simulacra (IceCv)
  Ijyb (D:3)
  8 orc wizards
  18 gnolls
  7 adders
  3 shadow imps
  An ufetubus (D:6)
  3 worms
  3 dart slugs
  57 orcs
  6 bats
  12 endoplasms
  6 giant cockroaches
  4 goblins
  3 hobgoblins
  3 jackals (D:5)
  6 quokkas
  3 ball pythons (D:1)
  7 frilled lizards
  18 kobolds
  7 rats
401 creatures vanquished.

Vanquished Creatures (collateral kills)
  A foxfire (D:6)
1 creature vanquished.

Vanquished Creatures (others)
  1254 foxfires
1254 creatures vanquished.

Grand Total: 1656 creatures vanquished

Notes
Turn   | Place    | Note
-------+----------+-------------------------------------------
     0 | D:1      | SnakkuSnakku7 the Vine Stalker Fire Elementalist began the
                  | quest for the Orb.
     0 | D:1      | Reached XP level 1. HP: 9/9 MP: 4/4
   184 | D:1      | Reached XP level 2. HP: 13/13 MP: 3/6
   193 | D:1      | Learned a level 2 spell: Scorch
   678 | D:1      | Reached XP level 3. HP: 16/16 MP: 4/7
  1266 | D:2      | Gained mutation: Your natural rate of healing is unusually
                  | fast. [Vine Stalker growth]
  1266 | D:2      | Reached XP level 4. HP: 21/21 MP: 3/8
  1356 | D:2      | Learned a level 3 spell: Volatile Blastmotes
  1632 | D:2      | Found a faded altar of an unknown god.
  1760 | D:3      | You fall into a shaft and drop 1 floor!
  1773 | D:4      | Noticed a scorpion
  1792 | D:4      | Killed a scorpion
  1793 | D:4      | Reached XP level 5. HP: 24/24 MP: 2/9
  1939 | D:4      | Reached skill level 5 in Fire Magic
  1939 | D:4      | Reached XP level 6. HP: 28/28 MP: 1/10
  2103 | D:3      | Noticed Ijyb
  2112 | D:3      | Killed Ijyb
  2388 | D:3      | Identified the +4 short sword of Poverty {vamp, rPois}
  3243 | D:5      | Entered Level 5 of the Dungeon
  3298 | D:5      | Reached skill level 5 in Conjurations
  3298 | D:5      | Reached XP level 7. HP: 26/32 MP: 5/11
  3654 | D:5      | Gained mutation: You have razor-sharp teeth. [Vine Stalker
                  | growth]
  3654 | D:5      | Reached XP level 8. HP: 36/36 MP: 2/12
  3772 | D:5      | Found a hide-covered altar of Uskayaw.
  4105 | D:6      | Noticed Dowan
  4116 | D:6      | Killed Dowan
  4129 | D:6      | Noticed Duvessa
  4136 | D:6      | Killed Duvessa
  4137 | D:6      | Noticed Blork the orc
  4157 | D:6      | Killed Blork the orc
  4165 | D:6      | Learned a level 4 spell: Flame Wave
  4416 | D:6      | Reached XP level 9. HP: 39/39 MP: 10/14
  4585 | D:6      | Found a shimmering blue altar of Sif Muna.
  4669 | D:6      | Became a worshipper of Sif Muna the Loreminder
  4808 | D:6      | Noticed Maggie
  4918 | D:7      | Found a staircase to the Ecumenical Temple.
  4958 | D:7      | Reached skill level 5 in Spellcasting
  6064 | D:6      | Killed Maggie
  6522 | D:8      | Found a glowing golden altar of the Shining One.
  6801 | D:8      | Reached skill level 5 in Fighting
  7033 | D:8      | Noticed a hornet
  7504 | D:9      | Found a sparkling altar of Nemelex Xobeh.
  7511 | D:9      | Reached XP level 10. HP: 51/53 MP: 15/20
  8273 | D:9      | Reached * piety under Sif Muna
  8317 | D:9      | Found a staircase to the Orcish Mines.
  8410 | D:9      | Noticed Erica
  8609 | D:9      | Killed Erica
  8729 | D:9      | Noticed Grum
  8823 | D:9      | Killed Grum
  9075 | D:10     | Entered Level 10 of the Dungeon
  9075 | D:10     | Found Cufudam's Jewellery Emporium.
  9083 | D:10     | Noticed a two-headed ogre
  9113 | D:10     | Noticed Joseph
  9178 | D:10     | Reached ** piety under Sif Muna
  9232 | D:10     | Noticed a two-headed ogre
  9240 | D:10     | Identified a scroll of acquirement
  9240 | D:10     | Acquired a staff of conjuration
  9253 | D:10     | Killed a two-headed ogre
  9254 | D:10     | Reached XP level 11. HP: 60/60 MP: 0/21
  9401 | D:10     | Killed Joseph
  9442 | D:10     | Found a staircase to the Lair.
  9448 | D:10     | Found a flagged portal.
  9455 | Bailey   | Entered a bailey
  9836 | Bailey   | Reached skill level 10 in Conjurations
  9836 | Bailey   | Reached skill level 10 in Fire Magic
  9983 | Bailey   | Reached skill level 1 in Shields
 10646 | Bailey   | Reached *** piety under Sif Muna
 10713 | Bailey   | Acquired a book of Fire
 10817 | D:10     | Learned a level 6 spell: Starburst
 10823 | D:10     | Learned a level 5 spell: Fireball
 10866 | D:10     | Killed a two-headed ogre
 11162 | D:10     | Acquired 894 gold pieces
 11813 | Lair:1   | Entered Level 1 of the Lair of Beasts
 13571 | Lair:2   | Reached XP level 12. HP: 64/64 MP: 11/22
 14047 | Lair:2   | Identified the +0 ring mail of Jido {rPois rN+ Dex-4}
 14058 | Lair:2   | Identified the ring of Gluttony {rCorr Dex+2}
 14385 | Lair:2   | Found a staircase to the Swamp.
 14780 | Lair:3   | Found a hole to the Spider Nest.
 15014 | Lair:3   | Reached **** piety under Sif Muna
 15787 | Lair:3   | Reached XP level 13. HP: 68/68 MP: 12/23
 16326 | Lair:4   | Reached skill level 1 in Invocations
 16473 | Lair:4   | Found a frozen archway.
 16518 | IceCv    | Entered an ice cave
 16563 | IceCv    | Reached skill level 5 in Invocations
 16795 | IceCv    | Reached ***** piety under Sif Muna
 16853 | IceCv    | Got the Papyrus of the Nexus
 17082 | IceCv    | Noticed a quicksilver ooze
 17084 | IceCv    | Noticed a quicksilver ooze
 17088 | IceCv    | Gained mutation: You have sharp toenails. [potion of
                  | mutation]
 17088 | IceCv    | Gained mutation: Your spells are a little harder to cast,
                  | but a little more powerful. [potion of mutation]
 17088 | IceCv    | Gained mutation: You are partially covered in iridescent
                  | scales. (AC +2) [potion of mutation]
 17105 | IceCv    | Killed a quicksilver ooze
 17106 | IceCv    | Killed a quicksilver ooze
 17245 | IceCv    | Received a gift from Sif Muna
 17248 | IceCv    | Got Sif Muna's Reference Book on the Fuming Jinx {god gift}
 17383 | IceCv    | Noticed a quicksilver ooze
 17388 | IceCv    | Killed a quicksilver ooze
 17389 | IceCv    | Noticed an azure jelly
 17489 | IceCv    | Killed an azure jelly
 17625 | IceCv    | Found a viscous altar of Jiyva.
 17644 | IceCv    | Got the ring "Zutoicw" {rC+ Str+5}
 18012 | Lair:4   | HP: 3/68 [death yak (2)]
 18014 | Lair:4   | Mangled by a death yak

Illustrated notes

Levels and vault maps discovered:
D:1:      nzn_arrival_depleted_hourglass, layout_loops_corners,
          solitary_fountain
D:2:      layout_rooms, basic_ecumenical_altar
D:3:      layout_basic, uniq_ijyb
D:4:      layout_rooms, minmay_crystal_room
D:5:      layout_basic, kennysheep_mini_moat, feat_on_display
D:6:      layout_gridville, mainiacjoe_overflow_cross_hatched, st_stairs_8,
          uniq_blork_the_orc, uniq_maggie, uniq_duvessa
D:7:      layout_layer_cave, minmay_temple_entry_proselytizer,
          dreamdust_wishing_well
D:8:      layout_layer_cave, mainiacjoe_overflow_brackets,
          kennysheep_nondescript
D:9:      layout_cave_pools, mainiacjoe_overflow_six_doors_small, david_orc_5,
          uniq_grum, uniq_erica
D:10:     layout_grid_maze, lair_entry_dummy, serial_shops,
          nicolae_shop_hallway_stairs, enter_bailey_1, uniq_joseph
Lair:1:   layout_layer_cave
Lair:2:   layout_roguey, nicolae_swamp_entry_splash_gauntlet, grunt_megastairs_5
Lair:3:   layout_cave_pods, hellmonk_spider_entry_not_the_bees,
          serial_bayou_shore_b, serial_bayou_shore_a, grunt_megastairs_3
Lair:4:   dpeg_oklob_shooting_range, layout_misc_corridors,
          portal_ice_cave_rime, serial_bayou_pond_e, small_statue_intersection,
          serial_bayou_pond_c

Skill      XL: |  1  2  3  4  5  6  7  8  9 10 11 12 13 |
---------------+----------------------------------------+-----
Conjurations   | 2 3 4 5 6 8 9 11 13 | 13.9
Fire Magic     | 4 5 7 8 9 11 13 | 13.9
Spellcasting   | 3 6 |  6.0
Fighting       | 5 8 |  8.1
Shields        | 4 |  4.0
Invocations    | 7 |  7.5
Dodging        | |  1.9
Stealth        | |  2.4

Action                     |  1- 3 |  4- 6 |  7- 9 | 10-12 | 13-15 || total
---------------------------+-------+-------+-------+-------+-------++-------
  Melee: Unarmed           |     6 |       |       |       |       ||     6
         Bite              |    11 |     4 |     8 |    60 |    27 ||   110
         Whip              |    39 |     6 |       |       |       ||    45
         Dagger            |       |    14 |    26 |    10 |       ||    50
         Staff             |       |       |       |   109 |    59 ||   168
   Cast: Foxfire           |    43 |    82 |   211 |   382 |       ||   718
         Scorch            |     1 |     3 |    21 |    75 |       ||   100
         Flame Wave        |       |       |       |    21 |    18 ||    39
         Fireball          |       |       |       |    27 |    55 ||    82
         Starburst         |       |       |       |       |     1 ||     1
 Invoke: Channel Magic     |       |       |       |       |     3 ||     3
  Evoke: Wand              |       |       |     1 |    10 |    11 ||    22
    Use: Potion            |       |       |     1 |       |     6 ||     7
         Scroll            |       |       |     8 |    14 |     5 ||    27
   Stab: Sleeping          |     2 |     3 |       |       |       ||     5
         Paralysed         |       |       |       |     5 |       ||     5
         Invisible         |       |       |       |     1 |       ||     1
 Armour: Robe              |    13 |     4 |    23 |       |       ||    40
         Swamp dragon scal |       |       |    12 |   240 |    85 ||   337
  Dodge: Dodged            |    41 |    16 |    34 |   226 |    72 ||   389
  Block: Buckler           |       |     1 |    10 |   171 |    64 ||   246
